 Dungeon Crawl Stone Soup version 0.28-a0-691-gad6df49e81 (webtiles) character file.

Game seed: 3648291014265621141

1710 cheechan the Sneak (level 9, -13/58 HPs)
             Began as an Octopode Enchanter on Oct 20, 2021.
             Mangled by a snapping turtle (27 damage)
             ... on level 7 of the Dungeon.
             The game lasted 00:28:15 (7484 turns).

cheechan the Sneak (Octopode Enchanter)             Turns: 7484, Time: 00:28:17

Health: -13/58     AC:  1    Str: 20    XL:     9   Next: 3%
Magic:  12/12      EV: 15    Int: 19    God:
Gold:   582        SH:  0    Dex: 15    Spells: 6/12 levels left

rFire   . . .      SeeInvis +   j - +7 short sword
rCold   + . .      Faith    .   (no shield)
rNeg    . . .      Spirit   .   (helmet restricted)
rPois   .          Reflect  .   t - amulet of magic regeneration
rElec   .          Harm     .   c - ring of ice
rCorr   .          Rampage  .   i - +4 ring of slaying
Will    .....                   k - ring of the Gloaming {Str+6 Dex+3}
Stlth   ++++++....              m - ring of Gimn {Wiz rF+ Str+3 Int+2}
HPRegen 0.19/turn               s - ring of flight
MPRegen 0.38/turn               z - ring of see invisible
                                (no ring)
                                (no ring)

@: flying
A: almost no armour, amphibious, 8 rings, camouflage 1, gelatinous body 1,
nimble swimmer 1, tentacles
a: no special abilities


You were on level 7 of the Dungeon.
You visited 1 branch of the dungeon, and saw 7 of its levels.

You collected 1234 gold pieces.
You spent 652 gold pieces at shops.

Inventory:

Hand Weapons
 a - a +1 dagger
 j - a +7 short sword (weapon)
 l - a +3 quarterstaff of chaos
 n - a +2 vorpal arbalest
 v - a +0 rapier
Missiles
 d - 154 stones
 f - 157 arrows
 o - 17 bolts
 r - 27 sling bullets
 x - 6 curare-tipped darts
Armour
 w - a +0 tower shield
Jewellery
 c - a ring of ice (left tentacle)
 i - a +4 ring of slaying (right tentacle)
 k - the ring of the Gloaming (on tentacle) {Str+6 Dex+3}
   (You bought it in a shop on level 2 of the Dungeon)

   [ring of strength]

   Str:       It affects your strength (+6).
   Dex:       It affects your dexterity (+3).
 m - the ring of Gimn (on tentacle) {Wiz rF+ Str+3 Int+2}
   (You bought it in a shop on level 2 of the Dungeon)

   [ring of wizardry]

   It improves your spell success rate.
   Str:       It affects your strength (+3).
   Int:       It affects your intelligence (+2).
   rF:        It protects you from fire.
 s - a ring of flight (on tentacle)
 t - an amulet of magic regeneration (around mantle)
 z - a ring of see invisible (on tentacle)
Wands
 u - a wand of polymorph (3)
 y - a wand of acid (6) (quivered)
Scrolls
 q - a scroll of amnesia
Potions
 b - a potion of invisibility
 e - a potion of cancellation
 g - 2 potions of curing
 h - a potion of attraction
 p - 2 potions of lignification


   Skills:
 + Level 3.7 Fighting
 + Level 5.1 Short Blades
 + Level 5.9 Crossbows
 + Level 4.4 Dodging
 + Level 7.6 Stealth
 + Level 2.2 Spellcasting
 + Level 3.8 Hexes
 + Level 0.1 Evocations


You had 6 spell levels left.
You knew the following spells:

 Your Spells              Type           Power      Damage    Failure   Level
a - Ensorcelled Hibernat  Hex/Ice        28%        N/A       4%          2
b - Tukima's Dance        Hex            16%        N/A       4%          3
c - Pain                  Necr           8%         1d4       7%          1

Your spell library contained the following spells:

 Spells                   Type           Power      Damage    Failure   Level
 Confusing Touch          Hex            16%        N/A       4%          3
 Apportation              Tloc           4%         N/A       7%          1
 Dazzling Flash           Conj/Hex       18%        N/A       9%          3
 Alistair's Intoxication  Tmut/Pois      1%         N/A       86%         5
 Invisibility             Hex            8%         N/A       88%         6
 Dispersal                Tloc           1%         N/A       100%        6
 Disjunction              Tloc           1%         N/A       100%        8


Dungeon Overview and Level Annotations

Branches:
Dungeon (7/15)
 Temple: D:4-7

Altars:
Cheibriados
Kikubaaqudgha
Makhleb
Sif Muna
Vehumet
Wu Jian

Shops:
D:2 **[:(   D:4 *


Innate Abilities, Weirdness & Mutations

You cannot wear most types of armour.
You are amphibious.
You can wear up to eight rings at the same time.
Your skin changes colour to match your surroundings (Stealth+).
Your rubbery body absorbs attacks. (AC +1, EV +1)
You are camouflaged near water. (Stealth+)
You have tentacles for arms and can constrict up to eight enemies at once.


Message History

Okay, then.
Aiming: Corrosive Bolt
Press: ? - help, Q - select action, (/) - cycle Shift-Dir - straight line, f - water nymph, p - floating eye
Aim: a water nymph (60% to hit)
The bolt of acid misses the water nymph.
The bolt of acid hits the floating eye!
The floating eye is almost dead.
Aiming: Corrosive Bolt
Press: ? - help, Q - select action, (/) - cycle Shift-Dir - straight line, f - floating eye, p - water nymph
Aim: a floating eye (almost dead, fully charged, 100% to hit)
The bolt of acid hits the water nymph!
The water nymph is moderately wounded.
The bolt of acid hits the snapping turtle!
The snapping turtle is lightly wounded.
The bolt of acid hits the floating eye!
You kill the floating eye!
The water nymph touches you.
The snapping turtle bites you from afar.
The jelly jiggles.
You have reached level 9!
Your experience leads to an increase in your attributes!
Your base attributes are Str 10, Int 17, Dex 12.
Increase (S)trength, (I)ntelligence, or (D)exterity?
You feel stronger.
Aiming: Corrosive Bolt
Press: ? - help, Q - select action, (/) - cycle Shift-Dir - straight line, f - jelly
Aim: a jelly (100% to hit)
The bolt of acid hits the water nymph!
The acid corrodes the water nymph!
The water nymph is severely wounded.
The bolt of acid misses the snapping turtle.
The bolt of acid hits the jelly.
The jelly completely resists.
The water nymph closely misses you. The snapping turtle barely misses you.
You closely miss the water nymph. Your grab misses the water nymph.
The water nymph is severely wounded.
The water nymph casts a spell at you. The water rises up and strikes you!!
* * * LOW HITPOINT WARNING * * *
The snapping turtle bites you from afar!!
You die...

### #.# ..### ###
#### ##..## #.#
##..#####
###..####.#
##.......#
###..##.##
#Jā‰ˆ####.....#
##.....#####t##
##.....# #
##.....##.ā‰ˆm#
#...... #
##.........ā‰ˆ@#
#..$..
.####............#
.##..
..#...###........###
# . #...###
##..##...... #..##
###...#....##.. ..[#
##.........## ..
...###.........## .
........###...##
#.....### ##..#


You could see a snapping turtle, a water nymph (corroded) and a jelly.

Vanquished Creatures
  A cyclops (D:7)
  A slime creature (D:7)
  A water moccasin (D:5)
  A floating eye (D:7)
  A black bear (D:5)
  Blork the orc (D:4)
  A scorpion (D:6)
  2 jellies
  2 centaur zombies
  2 hounds (D:5)
  An orc priest (D:4)
  Crazy Yiuf (D:2)
  A bullfrog skeleton (D:5)
  2 gnoll shamans
  4 iguanas
  2 orc wizards
  A hound skeleton (D:4)
  7 gnolls
  A howler monkey skeleton (D:4)
  4 adders
  A white imp (D:6)
  2 ufetubi (D:5)
  An adder zombie (D:5)
  3 worms
  3 dart slugs
  13 orcs
  8 ball pythons
  9 endoplasms
  2 giant cockroaches
  7 goblins
  3 hobgoblins
  6 kobolds
  A quokka (D:5)
  2 bats
  2 frilled lizards (D:2)
  2 rats (D:1)
102 creatures vanquished.

Vanquished Creatures (others)
  17 plants (D:2)
17 creatures vanquished.

Grand Total: 119 creatures vanquished

Notes
Turn   | Place    | Note
-------+----------+-------------------------------------------
     0 | D:1      | cheechan the Octopode Enchanter began the quest for the
                  | Orb.
     0 | D:1      | Reached XP level 1. HP: 11/11 MP: 3/3
   149 | D:1      | Identified a scroll of acquirement
   149 | D:1      | Acquired 993 gold pieces
   358 | D:1      | Reached XP level 2. HP: 17/17 MP: 5/5
   389 | D:1      | Learned a level 2 spell: Ensorcelled Hibernation
   872 | D:2      | Reached XP level 3. HP: 5/21 MP: 6/6
  1226 | D:2      | Found Riwetr Icov's Assorted Antiques.
  1244 | D:2      | Bought a glowing puce potion for 18 gold pieces
  1244 | D:2      | Bought a glowing short sword for 120 gold pieces
  1315 | D:2      | Found a faded altar of an unknown god.
  1321 | D:2      | Found Buazof's Assorted Antiques.
  1395 | D:2      | Bought a bound turquoise ring for 105 gold pieces
  1395 | D:2      | Identified the ring of the Gloaming {Str+6 Dex+3} (You
                  | bought it in a shop on level 2 of the Dungeon)
  1395 | D:2      | Bought a scroll labelled CYAVISS ARRANU for 21 gold pieces
  1395 | D:2      | Bought a slimy lapis lazuli ring for 105 gold pieces
  1395 | D:2      | Identified the ring of Gimn {Wiz rF+ Str+3 Int+2} (You
                  | bought it in a shop on level 2 of the Dungeon)
  1395 | D:2      | Bought a scroll labelled VUFYANIBLUF for 21 gold pieces
  1441 | D:2      | Reached skill level 5 in Stealth
  1449 | D:2      | Found a runed translucent door.
  1458 | D:2      | Noticed Crazy Yiuf
  1492 | D:2      | Killed Crazy Yiuf
  1493 | D:2      | Reached XP level 4. HP: 18/27 MP: 7/7
  1682 | D:2      | Found Loskyaz's Antique Weapon Shop.
  1696 | D:2      | Bought a runed arbalest for 187 gold pieces
  1741 | D:2      | Found Bugacsuj's Book Boutique.
  1788 | D:2      | Found Uxoippal's Antique Armour Boutique.
  1828 | D:2      | Learned a level 3 spell: Tukima's Dance
  2051 | D:3      | Found an ancient bone altar of Kikubaaqudgha.
  2051 | D:3      | Found a shimmering blue altar of Sif Muna.
  2053 | D:3      | Found a radiant altar of Vehumet.
  2065 | D:3      | Got Kikubaaqudgha's Compendium of Unholy Rituals
  2455 | D:3      | Reached skill level 6 in Stealth
  2882 | D:4      | Reached XP level 5. HP: 19/32 MP: 8/8
  3199 | D:4      | Reached skill level 1 in Crossbows
  3361 | D:4      | Reached skill level 1 in Fighting
  3635 | D:4      | Noticed Blork the orc
  3638 | D:4      | Killed Blork the orc
  3639 | D:4      | Reached XP level 6. HP: 38/38 MP: 9/9
  3891 | D:4      | Learned a level 1 spell: Pain
  3901 | D:4      | Found Keschoug's General Store.
  3907 | D:4      | Bought a scroll of enchant weapon for 75 gold pieces
  4143 | D:5      | Entered Level 5 of the Dungeon
  4266 | D:5      | Reached XP level 7. HP: 40/43 MP: 10/10
  4908 | D:5      | Reached skill level 5 in Crossbows
  5414 | D:5      | Reached XP level 8. HP: 46/51 MP: 11/11
  6081 | D:6      | Found a burning altar of Makhleb.
  6157 | D:6      | Identified the +2 chain mail of Divine Compulsion {rF+}
  6728 | D:6      | Found an ornate altar of the Wu Jian Council.
  6730 | D:6      | Found a snail-covered altar of Cheibriados.
  6985 | D:7      | Noticed a slime creature
  6995 | D:7      | Killed a slime creature
  6996 | D:7      | Reached skill level 7 in Stealth
  7237 | D:7      | Noticed a slime creature
  7238 | D:7      | Noticed a slime creature
  7238 | D:7      | Noticed a slime creature
  7260 | D:7      | Noticed a cyclops
  7268 | D:7      | Killed a cyclops
  7269 | D:7      | Reached skill level 5 in Short Blades
  7479 | D:7      | Noticed a snapping turtle
  7479 | D:7      | a slime creature changed into a snapping turtle
  7479 | D:7      | Noticed a water nymph
  7479 | D:7      | a slime creature changed into a water nymph
  7480 | D:7      | a snapping turtle changed into a floating eye
  7480 | D:7      | Noticed a snapping turtle
  7483 | D:7      | Reached XP level 9. HP: 39/58 MP: 12/12
  7484 | D:7      | Mangled by a snapping turtle

Illustrated notes

Levels and vault maps discovered:
D:1:      scummos_arrival_gate, layout_rooms
D:2:      layout_loops_ring, hellmonk_ecumenical_altar_run_dry, serial_bayou,
          serial_bayou_lake_a, serial_bayou_ford_a, serial_bayou_crossing,
          serial_bayou_pond_c, serial_shops, nicolae_shop_waterfront, shop,
          nicolae_shop_temple_entry_statues_fountains, shop,
          nicolae_shop_statue_plus, minivault_26, minmay_quantized,
          uniq_crazy_yiuf_cottage
D:3:      layout_basic, grunt_temple_overflow_magic_moments
D:4:      layout_loops_ring, serial_shops, shop, uniq_blork_the_orc
D:5:      layout_basic
D:6:      layout_gridville, nicolae_overflow_hidden_temple,
          chequers_serial_rivers_small_b
D:7:      layout_layer_cave, mainiacjoe_overflow_concentric_impassable,
          minmay_temple_entry_glassed_door, dk_vineyard_1, uniq_duvessa

Skill      XL: |  1  2  3  4  5  6  7  8 |
---------------+-------------------------+-----
Stealth        | 5 6 7 |  7.6
Crossbows      | 2 3 5 |  5.9
Fighting       | 1 2 3 |  3.7
Short Blades   | 2 3 5 |  5.1
Dodging        | 3 4 |  4.4
Spellcasting   | |  2.2
Hexes          | |  3.8
Evocations     | |  0.1

Action                   |  1- 3 |  4- 6 |  7- 9 || total
-------------------------+-------+-------+-------++-------
Melee: Dagger            |    37 |       |       ||    37
       Constrict         |    18 |     9 |    18 ||    45
       Tentacles         |    16 |     6 |    19 ||    41
       Short sword       |    21 |    40 |    71 ||   132
 Fire: Arbalest          |       |    48 |    12 ||    60
 Cast: Ensorcelled Hiber |       |       |     2 ||     2
Evoke: Wand              |       |       |     5 ||     5
  Use: Scroll            |     6 |     6 |     3 ||    15
       Potion            |       |       |     3 ||     3
 Stab: Sleeping          |    10 |     1 |     3 ||    14
Armor: Skin              |     5 |     2 |     2 ||     9
Dodge: Dodged            |    11 |    27 |    66 ||   104

Table legend: (Time is in decaauts)
 A = Elapsed time spent in this place.
 B = Non-inter-level travel time spent in this place.
 C = Inter-level travel time spent in this place.
 D = Time resting spent in this place.
 E = Time spent auto-exploring this place.
 F = Levels seen in this place.
 G = Mean time per level.
                   A        B        C        D        E       F      G
               +--------+--------+--------+--------+--------+-----+--------+
         Total |   7515 |   7515 |      0 |   2163 |      0 |   7 | 1073.6 |
       Dungeon |   7515 |   7515 |      0 |   2163 |      0 |   7 | 1073.6 |
               +--------+--------+--------+--------+--------+-----+--------+

Top non-repeatable levels by time:
     D:5: 1607 daAuts
     D:2: 1319 daAuts
     D:4: 1297 daAuts
     D:6: 1227 daAuts
     D:3: 832 daAuts
     D:1: 725 daAuts
     D:7: 505 daAuts
